 Dungeon Crawl Stone Soup version 0.23.2-33-g5129a83184 (webtiles) character file.

Game seed: 14502629819614332209

713 DildoBatman the Conjurer (level 8, 0/52 HPs)
             Began as a Formicid Wizard on July 23, 2019.
             Slain by a gnoll
             ... wielding a +0 club
              (7 damage)
             ... on level 6 of the Dungeon.
             The game lasted 00:17:45 (5951 turns).

DildoBatman the Conjurer (Formicid Wizard)          Turns: 5951, Time: 00:17:46

Health: 0/52       AC:  4    Str: 12    XL:     8   Next: 1%
Magic:  17/21      EV: 11    Int: 20    God:
Gold:   315        SH:  0    Dex:  4    Spells: 6/13 levels left

rFire    . . .     SeeInvis +   a - +2 flail (protect)
rCold    . . .     Gourm    .   (no shield)
rNeg     . . .     Faith    .   r - +0 leather armour (curse)
rPois    +         Spirit   .   (helmet unavailable)
rElec    .         Reflect  .   (no cloak)
rCorr    +         Harm     .   p - +0 pair of gloves
MR       ++...                  (no boots)
Stlth    +++.......             (no amulet)
HPRegen  0.17/turn              o - ring of resist corrosion
MPRegen  0.17/turn              e - ring "Pukagg" {rPois MR++ MP+9 Dex-5 Stlth+}

@: no status effects
A: permanent stasis, dig shafts and tunnels, four strong arms, antennae 3
a: Dig, Shaft Self


You were on level 6 of the Dungeon.
You were not hungry.

You visited 2 branches of the dungeon, and saw 7 of its levels.

You collected 315 gold pieces.

Inventory:

Hand Weapons
 a - a +2 flail of protection (weapon)
 b - a +3 dagger
 d - the +0 war axe of Youthful Indiscretion {flame, Str+5}
   (You found it on level 6 of the Dungeon)

   It has been specially enchanted to burn those struck by it, causing extra
   injury to most foes and up to half again as much damage against particularly
   susceptible opponents.
   Big, fiery blades are also staple armaments of hydra-hunters.
   It affects your strength (+5).
Missiles
 c - 3 needles of sleeping
 f - 85 arrows
 i - 51 bolts
 m - 124 stones (quivered)
 n - 43 sling bullets
Armour
 g - a +0 robe
 p - a +0 pair of gloves (worn)
 r - a cursed +0 leather armour (worn)
Jewellery
 e - the ring "Pukagg" (right hand) {rPois MR++ MP+9 Dex-5 Stlth+}
   (You found it on level 5 of the Dungeon)

   [ring of poison resistance]

   It affects your dexterity (-5).
   It protects you from poison.
   It affects your resistance to hostile enchantments.
   It affects your magic capacity (+9).
   It makes you more stealthy.
 o - a ring of resist corrosion (left hand)
Wands
 l - a wand of flame (21)
Scrolls
 q - a scroll of amnesia
 t - a scroll of enchant armour {unknown}
 w - a scroll of enchant weapon {unknown}
 x - 3 scrolls of remove curse
 y - a scroll of identify
Potions
 j - a potion of curing {unknown}
 k - 2 potions of heal wounds
 s - a potion of agility {unknown}
 u - a potion of flight {unknown}
Comestibles
 h - 5 chunks of flesh
 v - 10 rations


   Skills:
 - Level 1.7 Dodging
 * Level 3.8 Stealth
 - Level 3.2 Spellcasting
 - Level 6.1 Conjurations
   Level 1.0 Summonings
   Level 0.8 Translocations
 * Level 2.0 Fire Magic
 * Level 1.6 Air Magic
 * Level 2.7 Poison Magic


You had 6 spell levels left.
You knew the following spells:

 Your Spells              Type           Power        Failure   Level  Hunger
a - Conjure Flame         Conj/Fire      ###.....     10%         3    ###....
c - Magic Dart            Conj           ####         1%          1    None
e - Mephitic Cloud        Conj/Pois/Air  ###.....     13%         3    ###....

Your spell library contained the following spells:

 Spells                   Type           Power        Failure   Level  Hunger
 Confusing Touch          Hex            #.....       19%         1    None
 Call Imp                 Summ           #.......     19%         2    ##.....
 Slow                     Hex            #.......     26%         2    ##.....
 Gell's Gravitas          Tloc           #.........   36%         3    ###....
 Confuse                  Hex            #.......     47%         3    ###....
 Petrify                  Tmut/Erth      #.......     87%         4    ####...
 Metabolic Englaciation   Hex/Ice        #.........   99%         5    ######.
 Yara's Violent Unravell  Hex/Tmut       #.........   99%         5    ######.
 Blink                    Tloc           Unusable     N/A         2    N/A

Dungeon Overview and Level Annotations

Branches:
Dungeon (6/15)             Temple (1/1) D:6

Altars:
Ashenzari
Cheibriados
Dithmenos
Elyvilon
Fedhas
Hepliaklqana
Makhleb
Okawaru
Qazlal
Ru
Sif Muna
Trog
Uskayaw
Vehumet
Wu Jian
Xom
Yredelemnul
Zin
The Shining One

Annotations:
D:1 Jessica
D:2 1 exclusion, Natasha
D:3 exclusion: phantom, Sigmund
D:4 2 transporters, exclusions: 2 sensed monsters (detected) and 2 more exclusions, Aesthetico's ghost, weakling DEFE; Dowan


Innate Abilities, Weirdness & Mutations

You cannot be hasted, slowed, berserked, paralysed or teleported.
You can dig through walls and to a lower floor.
Your four strong arms can wield two-handed weapons with a shield.
You have a pair of large antennae on your head. (SInv)


Message History

The gnoll shaman barely misses you.
The gnoll hits you but does no damage. x2
What are your orders? t - Shout!
Orders for allies: a - Attack new target. p - Attack previous target. r - Retreat! s - Stop attacking. g - Guard the area. f - Follow me.
Anything else - Cancel.
You shout for attention!
The gnoll shaman closely misses you. The gnoll barely misses you.
What are your orders? t - Shout!
Orders for allies: a - Attack new target. p - Attack previous target. r - Retreat! s - Stop attacking. g - Guard the area. f - Follow me.
Anything else - Cancel.
You shout for attention!
The gnoll hits you with a +0 club!
You die...

..... .)... g.... .... #..#
###### ##..# ≈≈≈≈≈#
##gg######## ...≈#
##@g###.....## ##♣.≈###
##.g##........## .$#..'.#
##.o#...........## ..#..'.#
##................## ##..≈#.#
##..................#
....≈#.####..#................#
≈≈≈≈≈#.....>###...............#
########...## ##..............#
.####......# ##.............#


You could see a gnoll shaman, an orc wizard (confused) and 3 gnolls.

Vanquished Creatures
  3 ogres
  A centaur (D:6)
  2 bullfrog zombies (D:6)
  2 orc priests
  An orc wizard (D:6)
  2 iguanas
  2 worker ants (D:4)
  A worker ant zombie (D:6)
  6 adders
  An ooze (D:3)
  2 worms
  A dart slug (D:2)
  4 leopard geckos
  7 orcs
  8 bats
  2 giant cockroaches
  3 goblins
  2 hobgoblins (D:1)
  4 jackals (D:1)
  2 quokkas
  A ball python (D:3)
  5 frilled lizards
  4 kobolds
  4 rats
70 creatures vanquished.

Notes
Turn   | Place    | Note
-------+----------+-------------------------------------------
     0 | D:1      | DildoBatman the Formicid Wizard began the quest for the
                  | Orb.
     0 | D:1      | Reached XP level 1. HP: 13/13 MP: 4/4
   154 | D:1      | Reached skill level 1 in Conjurations
   434 | D:1      | Reached XP level 2. HP: 18/19 MP: 4/6
   705 | D:1      | Reached skill level 2 in Conjurations
  1266 | D:1      | Reached XP level 3. HP: 20/24 MP: 7/7
  1271 | D:1      | Learned a level 3 spell: Conjure Flame
  1275 | D:1      | Learned a level 3 spell: Mephitic Cloud
  1318 | D:2      | Found a shimmering altar of Xom.
  1380 | D:2      | Found a hazy altar of Hepliaklqana.
  1381 | D:2      | Found a glowing golden altar of the Shining One.
  1383 | D:2      | Found a radiant altar of Vehumet.
  1496 | D:2      | Noticed Jessica
  1682 | D:2      | Reached skill level 3 in Conjurations
  1802 | D:2      | Reached XP level 4. HP: 26/30 MP: 3/8
  1928 | D:2      | Noticed Natasha
  2234 | D:3      | Found a hide-covered altar of Uskayaw.
  2652 | D:3      | Reached skill level 4 in Conjurations
  2652 | D:3      | Reached XP level 5. HP: 35/35 MP: 2/9
  3058 | D:4      | Found a transporter.
  3065 | D:4      | Noticed Aesthetico's ghost (weakling DEFE)
  3071 | D:4      | Found a transporter.
  3096 | D:4      | Noticed a phantom
  3339 | D:4      | Noticed Dowan
  3562 | D:4      | Noticed an ogre
  3603 | D:4      | Killed an ogre
  3603 | D:4      | Reached skill level 5 in Conjurations
  3603 | D:4      | Reached XP level 6. HP: 32/41 MP: 2/10
  3873 | D:5      | Entered Level 5 of the Dungeon
  3959 | D:5      | Noticed an ogre
  3975 | D:5      | Killed an ogre
  3975 | D:5      | Reached skill level 6 in Conjurations
  3975 | D:5      | Reached XP level 7. HP: 34/46 MP: 4/11
  4038 | D:5      | Got a transparent pewter ring
  4044 | D:5      | Identified the ring "Pukagg" {rPois MR++ MP+9 Dex-5 Stlth+}
                  | (You found it on level 5 of the Dungeon)
  4137 | D:5      | Noticed Sigmund
  4381 | D:5      | Found a stormy altar of Qazlal.
  4424 | D:5      | Found a bloodstained altar of Trog.
  5012 | D:6      | Reached skill level 1 in Poison Magic
  5598 | D:6      | Got a polished war axe
  5628 | D:6      | Reached skill level 1 in Fire Magic
  5628 | D:6      | Reached skill level 1 in Air Magic
  5710 | D:6      | Identified the +0 war axe of Youthful Indiscretion {flame,
                  | Str+5} (You found it on level 6 of the Dungeon)
  5734 | D:6      | Found a staircase to the Ecumenical Temple.
  5743 | Temple   | Entered the Ecumenical Temple
  5934 | D:6      | Reached XP level 8. HP: 43/52 MP: 12/12
  5951 | D:6      | Slain by a gnoll

Skill      XL: |  1  2  3  4  5  6  7 |
---------------+----------------------+-----
Conjurations   | 1 2 3 4 5 6 |  6.1
Poison Magic   | 2 |  2.7
Stealth        | 3 |  3.8
Fire Magic     | 2 |  2.0
Air Magic      | 1 |  1.6
Dodging        | |  1.7
Spellcasting   | |  3.2
Summonings     | |  1.0
Translocations | |  0.8

Action                   |  1- 3 |  4- 6 |  7- 9 || total
-------------------------+-------+-------+-------++-------
Melee: Unarmed           |    19 |       |       ||    19
       Whip              |     9 |       |       ||     9
       Dagger            |    10 |    51 |       ||    61
       Flail             |       |    27 |    34 ||    61
 Cast: Magic Dart        |    64 |    55 |    39 ||   158
       Mephitic Cloud    |     1 |     5 |     5 ||    11
       Conjure Flame     |       |     1 |     1 ||     2
 Abil: Dig               |     4 |     6 |       ||    10
  Use: Scroll            |       |     3 |     2 ||     5
 Stab: Sleeping          |     2 |     1 |       ||     3
       Confused          |       |     3 |     1 ||     4
  Eat: Chunk             |     3 |     4 |     3 ||    10
       Ration            |       |     1 |     1 ||     2
Armor: Robe              |    18 |       |       ||    18
       Leather armour    |     1 |    20 |    17 ||    38
Dodge: Dodged            |    49 |    42 |    66 ||   157
